 Dungeon Crawl Stone Soup version 0.20.1-1-g8b1a95d (webtiles) character file.

107 Melbolja the Conjurer (level 4, -10/40 HPs)
             Began as an Octopode Conjurer on Oct 8, 2017.
             Mangled by letownia's ghost (11 damage)
             ... in a sewer.
             The game lasted 00:11:20 (1983 turns).

Melbolja the Conjurer (Octopode Conjurer)           Turns: 1983, Time: 00:11:21

Health: -10/40     AC:  1    Str: 12    XL:     4   Next: 86%
Magic:  0/7        EV: 13    Int: 18    God:
Gold:   51         SH:  0    Dex: 12    Spells: 7/8 levels left

rFire    . . .     SeeInvis .   n - +0 hand axe
rCold    . . .     Gourm    .   (no shield)
rNeg     . . .     Faith    .   (helmet restricted)
rPois    .         Spirit   .   (no amulet)
rElec    .         Reflect  .   (no ring)
rCorr    .         Harm     .   (no ring)
MR       .....                  (no ring)
Stlth    ..........             (no ring)
Regen    0.2/turn               (no ring)
MPRegen  0.1/turn               (no ring)
                                (no ring)
                                (no ring)

@: berserking, very quick
A: almost no armour, stealthy swim, amphibious, 8 rings, constrict 8, camouflage
1, gelatinous body 1
a: no special abilities


You were in a sewer.
You were not hungry.

You visited 1 branch of the dungeon, and saw 3 of its levels.
You also visited: Sewer.

You collected 51 gold pieces.

Inventory:

Hand Weapons
 g - a -3 short sword
 n - a +0 hand axe (weapon)
Missiles
 d - 96 stones (quivered)
Scrolls
 f - a scroll of magic mapping {unknown}
 h - a scroll of remove curse
 i - a scroll of recharging {unknown}
 k - a scroll of teleportation
Potions
 c - a potion of magic
 e - a potion of berserk rage
 j - 2 potions of flight
 l - 2 potions of heal wounds {unknown}
Books
 a - a book of Conjurations

   Spells                             Type                      Level
   a - Magic Dart                     Conjuration                  1
   b - Searing Ray                    Conjuration                  2
   c - Dazzling Spray                 Conjuration/Hexes            3
   d - Fulminant Prism                Conjuration/Hexes            4
   e - Force Lance                    Conjuration/Translocation    4
   f - Iskenderun's Mystic Blast      Conjuration                  4
Comestibles
 b - 2 bread rations
 m - 2 chunks of flesh


   Skills:
 + Level 2.0 Dodging
 + Level 3.5 Stealth
 + Level 1.0 Unarmed Combat
 + Level 2.5 Spellcasting
 + Level 5.2 Conjurations


You had 7 spell levels left.
You knew the following spells:

 Your Spells              Type           Power        Failure   Level  Hunger
a - Magic Dart            Conj           ###.         1%          1    #......


Dungeon Overview and Level Annotations

Branches:
Dungeon (3/15)

Altars:

Annotations:
Sewer letownia's ghost, amateur OpTm


Innate Abilities, Weirdness & Mutations

You cannot wear most types of armour.
You are very stealthy in the water. (Stealth+)
You are amphibious.
You can wear up to eight rings at the same time.
You can use your tentacles to constrict eight enemies at once.
Your skin changes colour to match your surroundings (Stealth+).
Your rubbery body absorbs attacks. (AC +1, EV +1)


Message History

Aiming: Magic Dart
Press: ? - help, Shift-Dir - straight line, f/p - letownia's ghost
Aim: letownia's ghost (heavily damaged)
The magic dart hits letownia's ghost.
Letownia's ghost is severely damaged.
Letownia's ghost hits you!
You closely miss letownia's ghost.
Letownia's ghost is severely damaged.
Letownia's ghost hits you!
* * * LOW HITPOINT WARNING * * *
You hit letownia's ghost.
Letownia's ghost is severely damaged.
Letownia's ghost assumes a wrestling stance.
Letownia's ghost hits you.
* * * LOW HITPOINT WARNING * * *
Letownia's ghost completely misses you.
It was a potion of berserk rage.
A red film seems to cover your vision as you go berserk!
You feel yourself moving faster!
You feel mighty! Letownia's ghost hits you!
You die...

...
...
..#
..#
..##
..#
#W#
#@#
###


You could see letownia's ghost.

Vanquished Creatures
  Terence (D:3)
  2 adders (D:2)
  A river rat (D:3)
  3 worms
  A leopard gecko (D:1)
  5 bats
  2 giant cockroaches
  2 hobgoblins
  4 jackals (D:1)
  3 ball pythons
  2 frilled lizards (D:1)
  8 goblins
  9 kobolds
  7 rats
50 creatures vanquished.

Notes
Turn   | Place    | Note
-------+----------+-------------------------------------------
     0 | D:1      | Melbolja the Octopode Conjurer began the quest for the Orb.
     0 | D:1      | Reached XP level 1. HP: 11/11 MP: 3/3
   152 | D:1      | Reached XP level 2. HP: 17/17 MP: 0/5
   586 | D:1      | Reached XP level 3. HP: 21/21 MP: 2/6
  1100 | D:2      | Reached skill level 5 in Conjurations
  1523 | D:2      | Reached XP level 4. HP: 27/27 MP: 4/7
  1884 | D:3      | Noticed Terence
  1888 | D:3      | Reached skill level 1 in Unarmed Combat
  1915 | D:3      | Killed Terence
  1930 | D:3      | Found a glowing drain.
  1939 | Sewer    | Entered a sewer
  1972 | Sewer    | Noticed letownia's ghost (amateur OpTm)
  1982 | Sewer    | HP: 1/27 [letownia's ghost (6)]
  1983 | Sewer    | Mangled by letownia's ghost

Skill      XL: |  1  2  3  4 |
---------------+-------------+-----
Stealth        | 3 |  3.5
Conjurations   | 5 |  5.2
Unarmed Combat | 1 |  1.0
Dodging        | |  2.0
Spellcasting   | |  2.5

Action                   |  1- 3 |  4- 6 || total
-------------------------+-------+-------++-------
Melee: Unarmed           |    32 |    11 ||    43
       Constrict         |     9 |     3 ||    12
       Tentacles         |     3 |     6 ||     9
       Hand axe          |       |     2 ||     2
 Cast: Magic Dart        |    65 |    33 ||    98
  Use: Scroll            |     3 |       ||     3
       Potion            |     1 |     1 ||     2
  Eat: Chunk             |     2 |       ||     2
       Meat ration       |       |     1 ||     1
Armor: Skin              |     4 |       ||     4
Dodge: Dodged            |    26 |     6 ||    32
